 Dungeon Crawl Stone Soup version 0.31-a0-875-g02e7d12df6 (webtiles) character file.

Game seed: 1658958044138422419

60 Azuregosa the Magician (level 3, 0/19 HPs)
             Began as a Deep Elf Venom Mage on Oct 12, 2023.
             Was a Follower of Makhleb.
             Slain by an orc
             ... wielding a +0 short sword
              (1 damage)
             ... on level 1 of the Dungeon.
             The game lasted 00:11:04 (1061 turns).

Azuregosa the Magician (Deep Elf Venom Mage)        Turns: 1061, Time: 00:11:05

Health: 0/19       AC:  2    Str:  5    XL:     3   Next: 82%
Magic:  3/10       EV: 12    Int: 21    God:    Makhleb [*.....]
Gold:   128        SH:  0    Dex: 15    Spells: 1/10 levels left

rFire   . . .        i - +0 spear
rCold   . . .        (no shield)
rNeg    . . .        a - +0 robe
rPois   .            (no helmet)
rElec   .            (no cloak)
rCorr   .            (no gloves)
SInv    +            (no boots)
Will    +....        (no amulet)
Stlth   ++           g - ring of willpower
HPRegen 0.23/turn    n - ring of see invisible
MPRegen 0.12/turn

%: no passive effects
@: no status effects
A: no striking features
a: Renounce Religion


You were on level 1 of the Dungeon.
You worshipped Makhleb.
Makhleb was aware of your devotion.
You visited 1 branch of the dungeon, and saw 3 of its levels.

You collected 128 gold pieces.

Inventory:

Hand Weapons
 d - a +0 falchion
 i - a +0 spear (weapon)
Missiles
 h - a throwing net
Armour
 a - a +0 robe (worn)
Jewellery
 g - a ring of willpower (left hand)
 j - a ring of positive energy
 n - a ring of see invisible (right hand)
Scrolls
 f - a scroll of identify {unknown}
 k - a scroll of acquirement {unknown}
 l - a scroll of butterflies {unknown}
Potions
 b - a potion of magic
 c - a potion of haste {unknown}
 e - a potion of mutation {unknown}
 m - a potion of curing {unknown}


   Skills:
 - Level 2.4 Dodging
 - Level 2.4 Stealth
 + Level 4.4 Spellcasting
 + Level 1.0 Translocations
 - Level 1.1 Transmutations
 + Level 4.2 Poison Magic


You had one spell level left.
You knew the following spells:

 Your Spells              Type           Power      Damage    Failure   Level
a - Sting                 Tmut/Pois      60%        1d6       3%          1
b - Poisonous Vapours     Pois/Air       26%        N/A       8%          2
c - Teleport Other        Tloc           9%         N/A       22%         3
d - Mephitic Cloud        Conj/Pois/Air  10%        N/A       19%         3

Your spell library contained the following spells:

 Spells                   Type           Power      Damage    Failure   Level
 Lesser Beckoning         Tloc           18%        N/A       11%         2
 Olgreb's Toxic Radiance  Pois           22%        N/A       21%         4
 Gell's Gravitas          Tloc           9%         N/A       22%         3
 Inner Flame              Hex/Fire       4%         N/A       34%         3
 Yara's Violent Unravell  Hex/Tmut       3%         3d4       95%         5
 Enfeeble                 Hex            2%         N/A       100%        7


Dungeon Overview and Level Annotations

Branches:
Dungeon (3/15)

Altars:
Makhleb

Shops:
D:1 :


Message History

Casting: Poisonous Vapours (safe; 8% risk of failure)
Confirm with . or Enter, or press ? or * to list all spells.
You don't have enough magic to cast this spell.
The orc attacks as it pursues you! The orc closely misses you.
The orc attacks as it pursues you! The orc closely misses you.
The orc attacks as it pursues you! The orc closely misses you.
The orc attacks as it pursues you! The orc closely misses you.
The orc attacks as it pursues you! The orc closely misses you.
A rat comes into view.
The orc attacks as it pursues you! The orc hits you with a +0 short sword.
The orc attacks as it pursues you! The orc hits you with a +0 short sword.
The orc attacks as it pursues you! The orc barely misses you.
The orc attacks as it pursues you! The orc hits you with a +0 short sword.
* * * LOW HITPOINT WARNING * * *
There is a stone staircase leading up here.
The orc barely misses you. The ball python closely misses you.
The ball python grabs you.
You stop ascending the stairs.
The ball python constricts you.
You escape the ball python's grasp.
The ball python barely misses you. The ball python grabs you.
You stop ascending the stairs.
The ball python constricts you.
Casting: Poisonous Vapours (safe; 8% risk of failure)
Confirm with . or Enter, or press ? or * to list all spells.
Aiming: Poisonous Vapours (safe; 8% risk of failure)
Press: ? - help, Dir - move target, f - ball python
Aim: a ball python (constricting you) Poisonous vapours surround the ball python!
The ball python is poisoned.
The ball python barely misses you. The ball python constricts you.
You escape the ball python's grasp.
The orc barely misses you. The orc closely misses you.
You climb upwards.
There is a stone staircase leading down here.
The orc attacks as it pursues you! The orc hits you with a +0 short sword.
* * * LOW HITPOINT WARNING * * *
The orc attacks as it pursues you! The orc hits you with a +0 short sword.
* * * LOW HITPOINT WARNING * * *
The ball python barely misses you. The ball python misses you.
The orc attacks as it pursues you! The orc hits you with a +0 short sword.
You die...

†.##....#.......÷...........#
#..............>...###......#
..##....#...................#
.###....#...........###########
........##........### ##...##
####....##..........# ##.....##
.###.............#..#####.......#
.....#.†.##.......#.....#......)#
..##............@o.##.#.#.......#
.....#..###.....o...#.#.#.[....##
#.###...###.......S.............#
......#.........∩...#...........#
#.#####.###....>....#####.....(.#
........# #####..#### #......##
.#.#..### #....# ##.....##
##....# ##...# ###....### .....##
#...###......#


You could see 2 orcs and a ball python (poisoned).

Vanquished Creatures
  An orc wizard (D:2)
  2 dart slugs (D:1)
  2 ball pythons
  2 endoplasms
  2 hobgoblins
  3 jackals (D:1)
  4 quokkas (D:1)
  2 bats (D:1)
  5 frilled lizards
  3 goblins
  A kobold (D:1)
  5 rats
32 creatures vanquished.

Notes
Turn   | Place    | Note
-------+----------+-------------------------------------------
     0 | D:1      | Azuregosa the Deep Elf Venom Mage began the quest for the
                  | Orb.
     0 | D:1      | Reached XP level 1. HP: 10/10 MP: 6/6
   150 | D:1      | Found Sentamum's Book Shop.
   175 | D:1      | Reached XP level 2. HP: 15/15 MP: 2/8
   351 | D:1      | Found a faded altar of an unknown god.
   361 | D:1      | Prayed at the altar of an unknown god.
   361 | D:1      | Became a worshipper of Makhleb the Destroyer
   361 | D:1      | Reached * piety under Makhleb
   467 | D:1      | Learned a level 2 spell: Poisonous Vapours
   755 | D:2      | Reached XP level 3. HP: 19/19 MP: 8/10
   759 | D:2      | Learned a level 3 spell: Teleport Other
   763 | D:2      | Learned a level 3 spell: Mephitic Cloud
  1023 | D:2      | Reached skill level 1 in Translocations
  1061 | D:1      | Slain by an orc

Illustrated notes

Levels and vault maps discovered:
D:1:      lemuel_arrival_rhombus, layout_rooms, ebering_ecumenical_altar_rust,
          serial_shops, shop, hangedman_abyss_or_decor_stabs
D:2:      layout_loops_ring, basic_altar
D:3:      layout_rooms, mainiacjoe_overflow_big_doors, minmay_misc_feat_alley

Skill      XL: |  1  2  3 |
---------------+----------+-----
Spellcasting   | 4 |  4.4
Poison Magic   | 4 |  4.2
Translocations | 1 |  1.0
Dodging        | |  2.4
Stealth        | |  2.4
Transmutations | |  1.1

Action                     || total
---------------------------++-------
  Melee: Falchion          ||    14
   Cast: Sting             ||    35
         Poisonous Vapours ||    15
 Armour: Robe              ||    30
  Dodge: Dodged            ||    44

Table legend: (Time is in decaauts)
 A = Elapsed time spent in this place.
 B = Non-inter-level travel time spent in this place.
 C = Inter-level travel time spent in this place.
 D = Time resting spent in this place.
 E = Time spent auto-exploring this place.
 F = Levels seen in this place.
 G = Mean time per level.
                   A        B        C        D        E       F      G
               +--------+--------+--------+--------+--------+-----+--------+
         Total |   1062 |   1059 |      3 |    170 |    537 |   3 |  354.0 |
       Dungeon |   1062 |   1059 |      3 |    170 |    537 |   3 |  354.0 |
               +--------+--------+--------+--------+--------+-----+--------+

Top non-repeatable levels by time:
     D:1: 743 daAuts
     D:2: 291 daAuts
     D:3: 28 daAuts
